 Dungeon Crawl Stone Soup version 0.30-a0-313-gae38170b09 (webtiles) character file.

Game seed: 2707584492777831793

38 greasedhog the Trooper (level 3, -5/24 HPs)
             Began as a Gargoyle Chaos Knight on Oct 26, 2022.
             Was a Plaything of Xom.
             Slain by a gnoll
             ... wielding a +0 club
              (7 damage)
             ... on level 3 of the Dungeon.
             The game lasted 00:01:42 (1595 turns).

greasedhog the Trooper (Gargoyle Chaos Knight)      Turns: 1595, Time: 00:01:43

Health: -5/24      AC: 11    Str: 17    XL:     3   Next: 43%
Magic:  3/3        EV: 11    Int: 12    God:    Xom [*.....]
Gold:   128        SH:  0    Dex:  9    Spells: 2/2 levels left

rFire   . . .      SeeInvis .    a - +0 mace (chaos)
rCold   . . .      Faith    .    (no shield)
rNeg    + . .      Spirit   .    b - +2 leather armour
rPois   ∞          Reflect  .    (no helmet)
rElec   +          Harm     .    (no cloak)
rCorr   .          Rampage  .    (no gloves)
Will    .....                    k - +2 pair of boots
Stlth   +.........               (no amulet)
HPRegen 0.24/turn                (no ring)
MPRegen 0.08/turn                (no ring)

@: no status effects
A: sickness immunity, AC +3, negative energy resistance 1, electricity
resistance, torment resistance 1, petrification resistance, wild magic 1
a: Renounce Religion


You were on level 3 of the Dungeon.
You worshipped Xom.
You were a special plaything of Xom.
You visited 1 branch of the dungeon, and saw 3 of its levels.

You collected 128 gold pieces.

Inventory:

Hand Weapons
 a - a +0 mace of chaos (weapon)
Missiles
 j - 2 throwing nets
Armour
 b - a +2 leather armour (worn)
 k - a +2 pair of boots (worn)
Scrolls
 f - a scroll of blinking {unknown}
Potions
 d - a potion of flight
 e - a potion of degeneration {unknown}
 g - a potion of resistance {unknown}
 h - a potion of mutation {unknown}
 i - a potion of attraction {unknown}
Miscellaneous
 c - a piece from Xom's chessboard (15/15) (quivered)


   Skills:
 * Level 3.9 Fighting
 * Level 3.4 Maces & Flails
 * Level 2.7 Armour
 - Level 0.7 Dodging
 + Level 0.6 Evocations


You had 2 spell levels left.
You didn't know any spells.
Your spell library contained the following spells:

 Spells                   Type           Power      Damage    Failure   Level
 Poisonous Vapours        Pois/Air       0%         N/A       61%         2
 Mephitic Cloud           Conj/Pois/Air  0%         N/A       82%         3
 Cigotuvi's Dreadful Rot  Necr/Pois/Air  Unusable   N/A       N/A         2

Dungeon Overview and Level Annotations

Branches:
Dungeon (3/15)

Altars:

Shops:
D:1 *


Innate Abilities, Weirdness & Mutations

You are immune to sickness and miasma.
Your stone body is resilient. (AC +3)
You are immune to poison.
You resist negative energy. (rN+)
You are resistant to electric shocks. (rElec)
You are resistant to unholy torment.
You are immune to petrification.
Your spells are a little harder to cast, but a little more powerful.


Message History

(D) Dungeon
Where to? (Enter - D:2 @ (x,y), ? - help)
What level of the Dungeon? (default 1, ? - help)
There is a stone staircase leading down here.
You climb downwards.
There is a stone staircase leading up here.
You pick up a book of Vapours and begin reading...
You add the spells Poisonous Vapours and Mephitic Cloud to your library.
A gnoll comes into view. It is wielding a +0 club.
The gnoll shouts!
The gnoll moves out of view.
A gnoll comes into view. It is wielding a +0 spear.
You are now a very special plaything of Xom.
A gnoll comes into view. It is wielding a +0 flail.
A gnoll comes into view. It is wielding a +0 spear.
The gnoll shouts! x2
The gnoll hits you with a +0 club.
You completely miss the gnoll. The gnoll hits you but does no damage.
You hit the gnoll.
The gnoll is lightly wounded.
The gnoll barely misses you.
The gnoll hits you from afar with a +0 spear.
You hit the gnoll.
The gnoll is moderately wounded.
The gnoll hits you with a +0 club.
The gnoll hits you from afar with a +0 spear.
You closely miss the gnoll.
The gnoll is moderately wounded.
The gnoll hits you from afar with a +0 spear.
* * * LOW HITPOINT WARNING * * *
The gnoll hits you with a +0 club.
* * * LOW HITPOINT WARNING * * *
You are now a special plaything of Xom.
The gnoll attacks as you move away! The gnoll hits you but does no damage.
The gnoll attacks as you move away! The gnoll hits you with a +0 club.
* * * LOW HITPOINT WARNING * * *
The gnoll attacks as you move away! The gnoll hits you but does no damage.
The gnoll attacks as you move away! The gnoll hits you with a +0 club!
You die...
Xom bursts into laughter!

......gg.........##
.8.8...###........#
....... #.g#####.#
.....8. ##..#
........#..g#
.....8......# #
.......###.g#####.#
.8.8... #...g....#
....###.###@####
........<...#
#######.#####
#........ #########


You could see 2 gnolls.

Vanquished Creatures
  A worm (D:2)
  4 ball pythons
  A giant cockroach (D:2)
  4 goblins
  4 hobgoblins
  2 jackals (D:2)
  4 kobolds
  2 quokkas
  2 bats (D:1)
  2 frilled lizards (D:1)
  3 rats (D:1)
29 creatures vanquished.

Vanquished Creatures (collateral kills)
  An endoplasm (D:1)
1 creature vanquished.

Grand Total: 30 creatures vanquished

Notes
Turn   | Place    | Note
-------+----------+-------------------------------------------
     0 | D:1      | greasedhog the Gargoyle Chaos Knight began the quest for
                  | the Orb.
     0 | D:1      | Reached XP level 1. HP: 14/14 MP: 1/1
   156 | D:1      | Found Beaseahae's General Store.
   163 | D:1      | Reached XP level 2. HP: 19/19 MP: 2/2
   285 | D:1      | XOM: divination: detect creatures
   357 | D:1      | XOM: smoke on damage
   541 | D:1      | XOM: silly message
   810 | D:1      | Reached XP level 3. HP: 23/24 MP: 3/3
  1023 | D:2      | XOM: silly message
  1054 | D:2      | Found a faded altar of an unknown god.
  1462 | D:2      | XOM: give mutation
  1462 | D:2      | Gained mutation: Your spells are a little harder to cast,
                  | but a little more powerful. [Xom's grace]
  1589 | D:3      | HP: 1/24 [gnoll/+0 club (3)]
  1595 | D:3      | Slain by a gnoll

Illustrated notes

Levels and vault maps discovered:
D:1:      dpeg_arrival_tiny_d, layout_basic, serial_shops, shop_fountains,
          hangedman_decor_growths
D:2:      layout_loops_ring, nicolae_ecumenical_pavilion
D:3:      layout_loops_ring, lemuel_crystal_altar, marbit_many_paths,
          mainiacjoe_overflow_alcove_1, nicolae_uskayaw_dance_hall,
          nicolae_hexahallways, st_stairs_9, uniq_sigmund, uniq_jessica,
          uniq_terence

Action                   || total
-------------------------++-------
Melee: Mace              ||    82
  Use: Scroll            ||     4
Armor: Leather armour    ||    33
Dodge: Dodged            ||    52

Table legend: (Time is in decaauts)
 A = Elapsed time spent in this place.
 B = Non-inter-level travel time spent in this place.
 C = Inter-level travel time spent in this place.
 D = Time resting spent in this place.
 E = Time spent auto-exploring this place.
 F = Levels seen in this place.
 G = Mean time per level.
                   A        B        C        D        E       F      G
               +--------+--------+--------+--------+--------+-----+--------+
         Total |   1614 |   1557 |     57 |      0 |   1323 |   3 |  538.0 |
       Dungeon |   1614 |   1557 |     57 |      0 |   1323 |   3 |  538.0 |
               +--------+--------+--------+--------+--------+-----+--------+

Top non-repeatable levels by time:
     D:1: 915 daAuts
     D:2: 664 daAuts
     D:3: 34 daAuts
